 Dungeon Crawl Stone Soup version 0.20.0-15-g7f486f2 (webtiles) character file.

469 Kosschaser the Grave Robber (level 6, 0/51 HPs)
             Began as a Deep Dwarf Necromancer on June 24, 2017.
             Slain by a hound (3 damage)
             ... on level 4 of the Dungeon.
             The game lasted 00:25:57 (5277 turns).

Kosschaser the Grave Robber (DDNe)                  Turns: 5277, Time: 00:25:58

Health: 0/51       AC:  4    Str: 14    XL:     6   Next: 82%
Magic:  7/10       EV: 13    Int: 15    God:
Gold:   152        SH:  0    Dex: 13    Spells: 8/12 levels left

rFire    . . .     SeeInvis .   (no weapon)
rCold    . . .     Gourm    .   (no shield)
rNeg     . . .     Faith    .   x - +1 leather armour {rPois}
rPois    +         Spirit   .   (no helmet)
rElec    .         Reflect  .   (no cloak)
rCorr    .         Harm     .   (no gloves)
MR       .....                  (no boots)
Stlth    ++........             j - amulet of rage
Regen    0.0/turn               (no ring)
MPRegen  0.2/turn               (no ring)

@: non-regenerating
A: damage resistance, heal wounds, sense surroundings 1, no regeneration
a: Heal Wounds, Evoke Berserk Rage


You were on level 4 of the Dungeon.
You were hungry.

You visited 1 branch of the dungeon, and saw 5 of its levels.

You collected 152 gold pieces.

Inventory:

Armour
 o - a +0 scale mail
 x - a +1 leather armour of poison resistance (worn)
Jewellery
 j - an amulet of rage (around neck)
Wands
 v - a wand of iceblast (2/15)
Scrolls
 d - 2 scrolls of remove curse
 f - 3 scrolls of amnesia
 i - a scroll of enchant armour {unknown}
 m - 2 scrolls of teleportation {unknown}
 q - 3 scrolls of identify
 r - a scroll of blinking {unknown}
 t - a scroll of enchant weapon {unknown}
 u - a scroll of fear {unknown}
 y - a scroll of magic mapping {unknown}
Potions
 g - 2 potions of lignification {unknown}
 h - a potion of brilliance {unknown}
 k - a potion of invisibility {unknown}
 l - a potion of ambrosia {unknown}
 p - a potion of cancellation {unknown}
 w - a potion of curing {unknown}
Books
 b - a book of Necromancy

   Spells                             Type                      Level
   a - Pain                           Necromancy                   1
   b - Animate Skeleton               Necromancy                   1
   c - Vampiric Draining              Necromancy                   3
   d - Regeneration                   Charms/Necromancy            3
   e - Animate Dead                   Necromancy                   4
   f - Control Undead                 Necromancy                   4
Comestibles
 a - 2 chunks of flesh
 c - 2 bread rations
 n - 2 meat rations
 s - 3 fruits


   Skills:
 + Level 1.4 Fighting
 + Level 2.5 Armour
 + Level 3.4 Dodging
 - Level 2.4 Stealth
 - Level 0.5 Unarmed Combat
 + Level 3.7 Spellcasting
 + Level 6.3 Necromancy


You had 8 spell levels left.
You knew the following spells:

 Your Spells              Type           Power        Failure   Level  Hunger
a - Pain                  Necr           ###.         1%          1    None
b - Vampiric Draining     Necr           ###.......   4%          3    ###....


Dungeon Overview and Level Annotations

Branches:
Dungeon (5/15)
 Temple: D:4-7

Altars:
Sif Muna
Uskayaw


Innate Abilities, Weirdness & Mutations

You are resistant to damage.
You can heal yourself by infusing magical energy.
You passively map a small area around you.
You do not regenerate.


Message History

Forget which spell ([?*] list [ESC] exit)?
Okay, then.
The hound bites you. The hound closely misses you. The worm misses you.
As you read the scroll labeled ETROPN QOXKI, it crumbles to dust.
It is a scroll of identify.
e - a scroll of immolation The hound closely misses you.
The worm barely misses you. The hound completely misses you.
As you read the scroll of immolation, it crumbles to dust.
The creatures around you are filled with an inner flame!
The hound closely misses you.
You fail to use your ability.
The hound completely misses you. The worm bites you.
* * * LOW HITPOINT WARNING * * *
The ogre barely misses you. The hound bites you but does no damage.
You fail to use your ability.
The ogre hits you with a giant club!
* * * LOW HITPOINT WARNING * * *
The hound bites you.
You die...

*#..
*#..........
* ....
,#..........
##.# ,
###'#######
.. #.# , ,*,
#.# ,, ###.#
, #...###
#...h.#
**#...w@#
#..!OO# , *
####### * *
, , , * ***
* * * * , ,
,,,, * * * *


You could see 2 ogres, a worm (inner flame) and a hound (inner flame).

Vanquished Creatures
  A centaur (D:5)
  An iguana (D:5)
  3 orc wizards (D:3)
  14 gnolls (D:5)
  4 adders
  2 oozes
  2 dart slugs (D:1)
  A leopard gecko (D:3)
  6 orcs
  8 bats
  3 giant cockroaches
  10 goblins
  6 hobgoblins
  20 jackals
  A quokka (D:3)
  4 frilled lizards
  3 kobolds
  2 rats (D:1)
91 creatures vanquished.

Notes
Turn   | Place    | Note
-------+----------+-------------------------------------------
     0 | D:1      | Kosschaser the Deep Dwarf Necromancer began the quest for the Orb.
     0 | D:1      | Reached XP level 1. HP: 15/15 MP: 3/3
   200 | D:1      | Reached XP level 2. HP: 13/22 MP: 1/4
   736 | D:2      | Reached XP level 3. HP: 27/30 MP: 2/5
   804 | D:2      | Learned a level 3 spell: Vampiric Draining
   915 | D:2      | Reached skill level 5 in Necromancy
  1309 | D:2      | Found a hide-covered altar of Uskayaw.
  1473 | D:3      | Found a deep blue altar of Sif Muna.
  1955 | D:3      | Reached XP level 4. HP: 29/37 MP: 1/6
  2088 | D:3      | Reached skill level 1 in Fighting
  2152 | D:3      | Reached skill level 1 in Armour
  2862 | D:3      | Reached XP level 5. HP: 26/44 MP: 1/7
  3230 | D:5      | Entered Level 5 of the Dungeon
  3438 | D:5      | Noticed a centaur
  3444 | D:5      | Killed a centaur
  3673 | D:5      | Reached XP level 6. HP: 48/51 MP: 1/9
  3977 | D:5      | Noticed an orc warrior
  4589 | D:5      | Reached skill level 6 in Necromancy
  5277 | D:4      | Slain by a hound

Skill      XL: |  1  2  3  4  5  6 |
---------------+-------------------+-----
Spellcasting   | 2 3 |  3.7
Necromancy     | 5 6 |  6.3
Fighting       | 1 |  1.4
Armour         | 1 2 |  2.5
Dodging        | 3 |  3.4
Stealth        | |  2.4
Unarmed Combat | |  0.5

Action                   |  1- 3 |  4- 6 || total
-------------------------+-------+-------++-------
Melee: Unarmed           |   166 |   193 ||   359
 Cast: Pain              |    41 |    58 ||    99
       Vampiric Draining |     9 |    62 ||    71
 Abil: Heal Wounds       |     1 |     2 ||     3
  Use: Scroll            |       |     4 ||     4
  Eat: Chunk             |     6 |    18 ||    24
Armor: Robe              |    72 |       ||    72
       Scale mail        |    52 |    58 ||   110
       Leather armour    |       |    74 ||    74
Dodge: Dodged            |   227 |   290 ||   517
